 Dungeon Crawl Stone Soup version 0.20.1-1-g8b1a95d (webtiles) character file.

396 Meenos the Bolt Thrower (level 6, -5/61 HPs)
             Began as a Troll Hunter on Nov 4, 2017.
             Slain by a gnoll
             ... wielding a +0 spear
              (7 damage)
             ... on level 3 of the Dungeon.
             The game lasted 00:35:34 (1844 turns).

Meenos the Bolt Thrower (Troll Hunter)              Turns: 1844, Time: 00:35:35

Health: -5/61      AC:  5    Str: 22    XL:     6   Next: 52%
Magic:  5/5        EV: 10    Int:  7    God:
Gold:   64         SH:  0    Dex: 11    Spells: 5/5 levels left

rFire    . . .     SeeInvis .   a - +1 dagger (drain)
rCold    . . .     Gourm    +   (no shield)
rNeg     . . .     Faith    .   c - +0 robe
rPois    .         Spirit   .   (helmet restricted)
rElec    .         Reflect  .   (no cloak)
rCorr    .         Harm     .   (gloves unavailable)
MR       .....                  (boots unavailable)
Stlth    +.........             k - amulet of rage
Regen    0.6/turn               (no ring)
MPRegen  0.1/turn               (no ring)

@: lethally poisoned (-5 -> -6)
A: unfitting armour, claws 3, fast metabolism 3, gourmand, regeneration 1,
shaggy fur 1, tough skin 2
a: Evoke Berserk Rage


You were on level 3 of the Dungeon.
You were full.

You visited 1 branch of the dungeon, and saw 3 of its levels.

You collected 64 gold pieces.

Inventory:

Hand Weapons
 a - a +1 dagger of draining (weapon)
 b - a +1 hand crossbow
 h - a +1 dagger of protection
Missiles
 d - a bolt
 q - 6 tomahawks (quivered)
Armour
 c - a +0 robe (worn)
 u - a +0 buckler
Jewellery
 k - an amulet of rage (around neck)
Scrolls
 l - a scroll of immolation {unknown}
 n - a scroll of fog {unknown}
 p - a scroll of enchant weapon {unknown}
 s - a scroll of identify {unknown}
 t - a scroll of noise {unknown}
 x - a scroll of enchant armour {unknown}
Potions
 e - a potion of haste {unknown}
 g - 3 potions of degeneration {unknown}
 i - 2 potions of cancellation {unknown}
 m - a potion of might {unknown}
 o - a potion of flight {unknown}
 r - a potion of heal wounds {unknown}
 v - a potion of agility {unknown}
 w - a potion of curing
 z - a potion of brilliance {unknown}
Comestibles
 f - 2 bread rations
 j - 2 fruits


   Skills:
 + Level 3.1 Fighting
 + Level 4.7 Crossbows
 + Level 2.1 Dodging
 - Level 0.3 Stealth
 + Level 0.2 Evocations


You had 5 spell levels left.
You didn't know any spells.

Dungeon Overview and Level Annotations

Branches:
Dungeon (3/15)

Altars:
Yredelemnul


Innate Abilities, Weirdness & Mutations

You are too large for most types of armour.
You have claws for hands.
Your metabolism is lightning-fast.
You like to eat raw meat.
Your natural rate of healing is unusually fast.
You are covered in fur. (AC +1)
You have very tough skin. (AC +2)


Message History

The leopard gecko barely misses you.
The gnoll hits you from afar with a spear!
* * * LOW HITPOINT WARNING * * *
You barely miss the leopard gecko. The leopard gecko bites you.
* * * LOW HITPOINT WARNING * * *
The gnoll completely misses you.
You barely miss the leopard gecko.
You feel sick.
The leopard gecko bites you but does no damage.
The gnoll hits you from afar with a spear.
* * * LOW HITPOINT WARNING * * *
You hit the leopard gecko but do no damage.
The leopard gecko bites you.
* * * LOW HITPOINT WARNING * * *
The gnoll hits you from afar with a spear.
* * * LOW HITPOINT WARNING * * *
You hit the leopard gecko.
The leopard gecko is severely wounded.
The leopard gecko closely misses you.
The gnoll hits you from afar with a spear!
You die...

#.# #.# #.# #.# # #.#
#.###.#
#.#.....################
(()((gl@((..............
#(#########......#######
#.......# #.......#
#.......#####
#......)....#
.............#
....####.....# ....
###'###


You could see a gnoll and a leopard gecko.

Vanquished Creatures
  Sigmund (D:2)
  An orc priest (D:3)
  Terence (D:3)
  3 adders (D:2)
  6 gnolls
  A worm (D:2)
  3 dart slugs
  A leopard gecko (D:3)
  8 orcs
  A ball python (D:2)
  A giant cockroach (D:1)
  10 goblins
  15 hobgoblins
  4 jackals (D:1)
  A quokka (D:3)
  5 bats
  4 frilled lizards
  9 kobolds
  6 rats
81 creatures vanquished.

Notes
Turn   | Place    | Note
-------+----------+-------------------------------------------
     0 | D:1      | Meenos the Troll Hunter began the quest for the Orb.
     0 | D:1      | Reached XP level 1. HP: 19/19 MP: 0/0
   222 | D:1      | Reached skill level 3 in Crossbows
   233 | D:1      | Reached XP level 2. HP: 27/27 MP: 1/1
   705 | D:2      | Reached XP level 3. HP: 33/33 MP: 2/2
   826 | D:2      | Reached XP level 4. HP: 42/42 MP: 3/3
   843 | D:2      | Noticed Sigmund
   847 | D:2      | Killed Sigmund
   847 | D:2      | Reached skill level 4 in Crossbows
   847 | D:2      | Reached XP level 5. HP: 50/50 MP: 4/4
  1063 | D:2      | Reached XP level 6. HP: 59/59 MP: 5/5
  1133 | D:2      | Found a basalt altar of Yredelemnul.
  1504 | D:3      | Noticed Terence
  1524 | D:3      | Killed Terence
  1843 | D:3      | HP: 1/61 [gnoll/spear (3)]
  1844 | D:3      | Slain by a gnoll

Skill      XL: |  1  2  3  4  5  6 |
---------------+-------------------+-----
Crossbows      | 3 4 |  4.7
Fighting       | 2 3 |  3.1
Dodging        | 2 |  2.1
Stealth        | |  0.3
Evocations     | |  0.2

Action                   |  1- 3 |  4- 6 || total
-------------------------+-------+-------++-------
Melee: Short sword       |     3 |       ||     3
       Dagger            |    26 |    62 ||    88
       Spear             |     4 |       ||     4
 Fire: Hand crossbow     |    32 |    84 ||   116
 Abil: Evoke Berserk Rag |       |     1 ||     1
  Eat: Chunk             |     5 |    11 ||    16
       Bread ration      |       |     1 ||     1
Armor: Robe              |    10 |    14 ||    24
Dodge: Dodged            |    19 |    45 ||    64
